 Dungeon Crawl Stone Soup version 0.23.2-33-g5129a83 (webtiles) character file.

Game seed: 6811883986624576597

21 Aphrodieselac the Charmwright (level 2, -4/22 HPs)
             Began as a Merfolk Skald on Aug 7, 2019.
             Slain by a hobgoblin
             ... wielding a +0 club
              (8 damage)
             ... on level 1 of the Dungeon.
             The game lasted 00:02:32 (728 turns).

Aphrodieselac the Charmwright (Merfolk Skald)        Turns: 728, Time: 00:02:33

Health: -4/22      AC:  3    Str: 11    XL:     2   Next: 83%
Magic:  1/5        EV: 12    Int: 12    God:
Gold:   17         SH:  0    Dex: 13    Spells: 4/5 levels left

rFire    . . .     SeeInvis .   a - +0 spear
rCold    . . .     Gourm    .   (no shield)
rNeg     . . .     Faith    .   b - +0 leather armour
rPois    .         Spirit   .   (no helmet)
rElec    .         Reflect  .   (no cloak)
rCorr    .         Harm     .   (no gloves)
MR       .....                  (no boots)
Stlth    +.........             (no amulet)
HPRegen  0.07/turn              (no ring)
MPRegen  0.09/turn              (no ring)

@: infused, very slightly contaminated
A: change form in water, swift swim, stealthy swim
a: no special abilities


You were on level 1 of the Dungeon.
You were not hungry.

You visited 1 branch of the dungeon, and saw 2 of its levels.

You collected 17 gold pieces.

Inventory:

Hand Weapons
 a - a +0 spear (weapon)
Armour
 b - a +0 leather armour (worn)
Jewellery
 h - a cursed -3 ring of intelligence {unknown}
Scrolls
 e - 3 scrolls of identify {unknown}
 i - 2 scrolls of amnesia {unknown}
Potions
 c - a potion of flight {unknown}
 f - a potion of haste {unknown}
 g - a potion of brilliance {unknown}
 j - 2 potions of curing {unknown}
Comestibles
 d - 2 rations


   Skills:
 - Level 2.1 Fighting
 + Level 3.6 Polearms
 - Level 0.6 Armour
 - Level 2.6 Dodging
 - Level 2.0 Spellcasting
 * Level 4.1 Charms


You had 4 spell levels left.
You knew the following spells:

 Your Spells              Type           Power        Failure   Level  Hunger
a - Infusion              Chrm           ##..         7%          1    ##.....

Your spell library contained the following spells:

 Spells                   Type           Power        Failure   Level  Hunger
 Song of Slaying          Chrm           ##......     10%         2    ###....
 Shroud of Golubria       Chrm/Tloc      #.........   24%         2    ###....
 Regeneration             Chrm/Necr      #.........   43%         3    ####...
 Spectral Weapon          Hex/Chrm       #.......     43%         3    ####...


Dungeon Overview and Level Annotations

Branches:
Dungeon (2/15)

Altars:


Message History

The ooze is severely wounded.
The ooze barely misses you.
You hit the ooze.
The ooze is severely wounded.
The ooze hits you.
You barely miss the ooze.
The ooze is severely wounded.
The hobgoblin evokes its amulet.
The hobgoblin goes berserk!
The ooze hits you.
* * * LOW HITPOINT WARNING * * *
You hit the ooze!
You kill the ooze!
Your Charms skill increases to level 4!
The hobgoblin hits you with a +0 club.
* * * LOW HITPOINT WARNING * * *
The hobgoblin barely misses you. The hobgoblin barely misses you.
The hobgoblin rages.
The hobgoblin hits you but does no damage.
The hobgoblin hits you with a +0 club!
You die...

#.# #.#.....#............... #.#
#.##....#.#..........#.. . #.#
#.##......#............. .
#.###.......#####.##........ .
###..........## #...........
.###.......).#### ###.........
....##+###'##..# #.#.......
..รท.#...#...#..#########.#.......
....#...#.>.#..g@.....#..........
....#...#...#..###....#..#.......
###.#.<.#.>.#### #....#..#.......
#.#...#...# ##.......#.######
#.#...#.>.# #.....##...# #
#.#...#...# #.#......### ###
#.##'###+## ##.#......######..
#........# #......##.##.....#
########## ##..)#####.........


You could see a hobgoblin (berserk).

Vanquished Creatures
  An ooze (D:1)
  A leopard gecko (D:1)
  A giant cockroach (D:2)
  2 hobgoblins (D:1)
  3 jackals (D:1)
  3 bats (D:1)
  3 frilled lizards
  A goblin (D:1)
  A rat (D:1)
16 creatures vanquished.

Notes
Turn   | Place    | Note
-------+----------+-------------------------------------------
     0 | D:1      | Aphrodieselac the Merfolk Skald began the quest for the
                  | Orb.
     0 | D:1      | Reached XP level 1. HP: 16/16 MP: 3/3
   351 | D:1      | Reached XP level 2. HP: 21/22 MP: 5/5
   719 | D:1      | Reached skill level 4 in Charms
   728 | D:1      | Slain by a hobgoblin

Skill      XL: |  1  2 |
---------------+-------+-----
Charms         | 4 |  4.1
Fighting       | |  2.1
Polearms       | |  3.6
Armour         | |  0.6
Dodging        | |  2.6
Spellcasting   | |  2.0

Action                   || total
-------------------------++-------
Melee: Spear             ||    91
 Cast: Infusion          ||     3
Armor: Leather armour    ||    18
Dodge: Dodged            ||    61
